 Dungeon Crawl Stone Soup version 0.28.0 (webtiles) character file.

Game seed: 4981597809303806015

509 GrayStillPlays the Skirmisher (level 7, -2/53 HPs)
             Began as a Djinni Fighter on Feb 11, 2022.
             Slain by a gnoll (4 damage)
             ... on level 5 of the Dungeon.
             The game lasted 00:11:22 (6077 turns).

GrayStillPlays the Skirmisher (Djinni Fighter)      Turns: 6077, Time: 00:11:22

Health: -2/53      AC:  3    Str: 15    XL:     7   Next: 42%
Gold:   186        EV: 12    Int: 12    God:
                   SH:  5    Dex: 12

rFire   + . .      SeeInvis .   y - +1 war axe (flame) {axe}
rCold   . . .      Faith    .   c - +0 buckler
rNeg    . . .      Spirit   .   v - +0 leather armour
rPois   ∞          Reflect  .   (no helmet)
rElec   .          Harm     .   (no cloak)
rCorr   .          Rampage  .   (no gloves)
Will    .....                   (boots unavailable)
Stlth   +.........              (no amulet)
HPRegen 0.17/turn               o - ring of ice
MPRegen 0.00/turn               (no ring)

@: flying
A: sickness immunity, fire resistance 2, cold vulnerability 1, float, innate
caster, HP casting, extra vitality 1
a: no special abilities


You were on level 5 of the Dungeon.
You visited 1 branch of the dungeon, and saw 5 of its levels.

You collected 186 gold pieces.


Innate Abilities, Weirdness & Mutations

You are immune to sickness and miasma.
You are immune to poison.
Your flesh is very heat resistant. (rF++)
You are vulnerable to cold. (rC-)
You float through the air rather than walking.
You learn spells naturally, not from books.
Your magical power is your life essence.
You have superior vitality. (+4 MHP)


   Skills:
 + Level 4.5 Fighting
 - Level 1.7 Short Blades
 + Level 4.5 Armour
 + Level 3.3 Dodging
 - Level 4.1 Shields
 + Level 2.2 Spellcasting


You had 4 spell levels left.
You knew the following spells:

 Your Spells              Type           Power      Damage    Failure   Level
a - Shock                 Conj/Air       24%        1d4       17%         1
b - Call Imp              Summ           6%         N/A       26%         2
c - Call Canine Familiar  Summ           6%         N/A       45%         3
Your spell library was empty.

Inventory:

Hand Weapons
 a - a +0 rapier {short}
 y - a +1 war axe of flaming (weapon) {axe}
   (You took it off an orc on level 4 of the Dungeon)
Missiles
 f - 10 sling bullets
 h - 51 bolts
 i - 50 stones {throwing}
 s - 3 boomerangs (quivered) {throwing}
Armour
 b - a +0 scale mail
 c - a +0 buckler (worn)
 v - a +0 leather armour (worn)
   (You took it off an orc on level 3 of the Dungeon)
Jewellery
 o - a ring of ice (left hand)
   (You found it on level 2 of the Dungeon)
Wands
 u - a wand of digging (4)
   (You found it on level 3 of the Dungeon)
 x - a wand of mindburst (11)
   (You found it on level 4 of the Dungeon)
Scrolls
 j - 4 scrolls of blinking {!r}
 l - 2 scrolls of torment {unknown}
 m - a scroll of immolation {unknown}
 p - 2 scrolls of identify {unknown}
 q - 2 scrolls of teleportation {unknown}
 r - a scroll of fear {unknown}
 t - a scroll of summoning {unknown}
 z - a scroll of silence {unknown}
Potions
 d - 2 potions of might
 e - 2 potions of haste {unknown}
 g - a potion of lignification {unknown}
 k - 2 potions of magic {unknown}
 n - a potion of attraction {unknown}
 w - 4 potions of curing {unknown}
 A - a potion of heal wounds {unknown}

Dungeon Overview and Level Annotations

Branches:
Dungeon (5/15)
 Temple: D:4-7

Altars:
Gozag
Okawaru
Trog

#...### ##. #....## ..
####..††'. ###..
.......†## .....
........# .....g
........#
......###############.##
.......g................
##@#####.#.#.###.##
#.#...#.#.#.# #.#
#.#...#.#<#.###.#
###'##.....##.....#
#......##).##.....#
#.......)........##
#.....####.<..#+####
#.'.....# #...#.......
###.....# #...#.......


You could see 2 gnolls.


Message History

No target in view!
You see here a jackal corpse.
A hound comes into view. 😎 HP[+1]
Your hp is fully restored (53).
A hound is nearby!
The hound barks!
You slash the hound! You burn the hound. The hound barely misses you. x2
The hound pauses to sniff the ground.
The hound bites you but does no damage.
You hit the hound. You burn the hound. The hound bites you.
The hound barely misses you.
You barely miss the hound. The hound barely misses you.
The hound closely misses you. 😕 HP[-5]
You take 5 damage, and now have 48/53 hp.
You closely miss the hound. The hound barely misses you. The hound misses you.
The hound closely misses you.
You closely miss the hound. The hound bites you.
The hound barely misses you. 😕 HP[-5]
You take 5 damage, and now have 43/53 hp.
You miss the hound. The hound bites you. You block the hound's attack. 😕 HP[-2]
You take 2 damage, and now have 41/53 hp.
You closely miss the hound. The hound bites you. The hound closely misses you.
The hound barely misses you. 😕 HP[-1]
You take 1 damage, and now have 40/53 hp.
You hit the hound. You burn the hound.
You kill the hound!
No target in view!
No target in view!
A gnoll comes into view. It is wielding a +0 flail. 😕 HP[+4]
You regained 4 hp, and now have 44/53 hp.
The gnoll shouts!
You hear a shout! 😕 HP[+1]
You block the gnoll's attack.
A gnoll comes into view. It is wielding a +0 halberd.
You hit the gnoll. You burn the gnoll. You hit the gnoll. You burn the gnoll.
You block the gnoll's attack. The gnoll closely misses you. x2
You closely miss the gnoll. x2; The gnoll hits you with a +0 halberd!
The gnoll hits you with a +0 flail. The gnoll closely misses you.
You block the gnoll's attack. 😮 HP[-11]
You take 11 damage, and now have 34/53 hp.
MASSIVE DAMAGE!! (PAUSE)
The gnoll hits you from afar with a +0 halberd. 😮 HP[-3]
You take 3 damage, and now have 31/53 hp.
You barely miss the gnoll. You block the gnoll's attack.
The gnoll hits you with a +0 flail.
The gnoll hits you from afar with a +0 halberd.
* * * LOW HITPOINT WARNING * * *
😨 HP[-5]
You take 5 damage, and now have 26/53 hp.
You slash the gnoll! You burn the gnoll.
You kill the gnoll!
The gnoll misses you. The gnoll hits you with a +0 halberd.
* * * LOW HITPOINT WARNING * * *
Things that are here:
a +0 flail {mace}; 10 gold pieces; 😨 HP[-6]
You take 6 damage, and now have 20/53 hp.
You barely miss the gnoll. The gnoll closely misses you.
The gnoll hits you with a +0 halberd.
* * * LOW HITPOINT WARNING * * *
😨 HP[-5]
You take 5 damage, and now have 15/53 hp.
You hit the gnoll but do no damage. The gnoll hits you with a +0 halberd!
* * * LOW HITPOINT WARNING * * *
😱 HP[-9]
You take 9 damage, and now have 6/53 hp.
You slash the gnoll! You burn the gnoll.
You kill the gnoll!
You start resting.
A gnoll comes into view. It is wielding a +0 halberd. 😱 HP[+2]
You regained 2 hp, and now have 8/53 hp.
There is an open door here. 😱 HP[+1]
You start resting.
A gnoll comes into view.
It is wielding a +1 vorpal flail. 😨 HP[+16]
You regained 16 hp, and now have 25/53 hp.
The gnoll shouts!
You hit the gnoll but do no damage.
You hear a shout! x2
The gnoll barely misses you.
The gnoll hits you with a +1 vorpal flail!
* * * LOW HITPOINT WARNING * * *
x2 😱 HP[-12]
You take 12 damage, and now have 13/53 hp.
MASSIVE DAMAGE!! (PAUSE)
You slash the gnoll! You burn the gnoll.
The gnoll hits you with a +1 vorpal flail!
* * * LOW HITPOINT WARNING * * *
x2 A gnoll comes into view. It is wielding a +0 whip.
The gnoll hits you with a +1 vorpal flail.
You die...

Skill      XL: |  1  2  3  4  5  6  7 |
---------------+----------------------+-----
Dodging        | 1 2 3 |  3.3
Spellcasting   | 1 2 |  2.2
Fighting       | 4 |  4.5
Armour         | 4 |  4.5
Shields        | 4 |  4.1
Short Blades   | |  1.7

Action                   |  1- 3 |  4- 6 |  7- 9 || total
-------------------------+-------+-------+-------++-------
Melee: Rapier            |   134 |   134 |       ||   268
       War axe           |       |    10 |    51 ||    61
Throw: Stone             |     1 |       |       ||     1
       Boomerang         |       |    14 |     8 ||    22
 Cast: Call Imp          |       |     1 |       ||     1
  Use: Scroll            |       |     1 |       ||     1
Armor: Scale mail        |    71 |    19 |       ||    90
       Leather armour    |       |    22 |    13 ||    35
Dodge: Dodged            |    80 |    90 |    48 ||   218
Block: Buckler           |    38 |    26 |    18 ||    82

Levels and vault maps discovered:
D:1:      minmay_arrival_solitary_statue, layout_loops_ring,
          minmay_shallow_snake_nest
D:2:      layout_basic
D:3:      layout_rooms, mainiacjoe_overflow_boulevard, okawaru_gym_becter
D:4:      layout_layer_cave
D:5:      layout_basic, grunt_gozag_statues, chequers_serial_rivers_room_b

Notes
Turn   | Place    | Note
-------+----------+-------------------------------------------
     0 | D:1      | GrayStillPlays the Djinni Fighter began the quest for the
                  | Orb.
     0 | D:1      | Reached XP level 1. HP: 20/20 MP: 0/0
     0 | D:1      | magus.rc [v1.9.6]
   254 | D:1      | Reached XP level 2. HP: 24/25 MP: 0/0
   332 | D:1      | HP: 5/25 [frozen (6)]
   339 | D:1      | HP: 5/25 [frozen (1)]
  1243 | D:2      | Reached XP level 3. HP: 26/30 MP: 0/0
  1243 | D:2      | Learned a level 1 spell: Shock
  1316 | D:2      | Reached skill level 1 in Dodging
  2088 | D:3      | Reached XP level 4. HP: 24/35 MP: 0/0
  2355 | D:3      | Found a bloodstained altar of Trog.
  2489 | D:3      | Reached skill level 1 in Spellcasting
  2597 | D:3      | Reached XP level 5. HP: 40/40 MP: 0/0
  2597 | D:3      | Learned a level 2 spell: Call Imp
  2603 | D:3      | Found an iron altar of Okawaru.
  2860 | D:3      | HP: 10/40 [iguana (7)]
  2903 | D:3      | HP: 9/40 [iguana (7)]
  3011 | D:3      | HP: 6/40 [iguana (10)]
  3281 | D:3      | HP: 10/40 [iguana (4)]
  3283 | D:3      | HP: 3/40 [iguana (8)]
  3576 | D:3      | Reached skill level 2 in Dodging
  3755 | D:4      | Reached XP level 6. HP: 30/47 MP: 0/0
  4342 | D:4      | Reached skill level 4 in Fighting
  4342 | D:4      | Reached skill level 4 in Armour
  4342 | D:4      | Reached skill level 4 in Shields
  5480 | D:5      | Entered Level 5 of the Dungeon
  5497 | D:5      | Reached skill level 3 in Dodging
  5497 | D:5      | Reached XP level 7. HP: 52/52 MP: 0/0
  5497 | D:5      | Learned a level 3 spell: Call Canine Familiar
  5585 | D:5      | Reached skill level 2 in Spellcasting
  5822 | D:5      | Found an opulent altar of Gozag.
  5960 | D:5      | HP: 6/53 [gnoll (10)]
  6076 | D:5      | HP: 13/53 [gnoll (1)]
  6077 | D:5      | HP: 5/53 [gnoll (8)]
  6077 | D:5      | HP: 2/53 [gnoll (3)]
  6077 | D:5      | Slain by a gnoll

Vanquished Creatures
  A phantom (D:4)
  A scorpion (D:5)
  A water moccasin skeleton (D:4)
  A howler monkey (D:3)
  A hound (D:5)
  A bullfrog skeleton (D:4)
  2 iguanas
  An orc wizard (D:4)
  2 adders
  2 gnolls (D:5)
  2 ufetubi (D:5)
  2 adder skeletons (D:4)
  3 worms
  2 dart slugs
  4 orcs
  9 endoplasms
  A giant cockroach (D:1)
  6 hobgoblins
  12 jackals
  2 quokkas
  7 ball pythons
  6 bats
  2 frilled lizards (D:2)
  7 goblins
  5 kobolds
  6 rats
89 creatures vanquished.

Vanquished Creatures (collateral kills)
  An orc (D:4)
1 creature vanquished.

Grand Total: 90 creatures vanquished

Table legend:
 A = Non-vault XP
 B = Vault XP
 C = Vault XP percentage of total XP
 D = Non-vault monster count
 E = Vault monster count
 F = Vault count percentage of total count
                 A         B        C        D         E       F
            +---------+---------+-------+---------+---------+-------
      Total |     723 |       5 |   0.7 |      87 |       3 |   3.3
            +---------+---------+-------+---------+---------+-------
        D:1 |      19 |       5 |  20.8 |      13 |       3 |  18.8
        D:2 |      31 |       0 |   0.0 |      18 |       0 |   0.0
        D:3 |     146 |       0 |   0.0 |      25 |       0 |   0.0
        D:4 |     298 |       0 |   0.0 |      17 |       0 |   0.0
        D:5 |     229 |       0 |   0.0 |      14 |       0 |   0.0
            +---------+---------+-------+---------+---------+-------

Illustrated notes

Table legend:
 A = Kills in this place as a percentage of kills in entire the game.
 B = Kills by you in this place as a percentage of kills by you in the entire game.
 C = Kills by friends in this place as a percentage of kills by friends in the entire game.
 D = Other kills in this place as a percentage of other kills in the entire game.
 E = Experience gained in this place as a percentage of experience gained in the entire game.
 F = Experience gained in this place divided by the number of levels of this place that you have seen.
                   A       B       C       D       E      F
               +-------+-------+-------+-------+-------+----------------------
         Total | 100.0 | 100.0 | 100.0 |   N/A | 100.0 | 145.6
       Dungeon | 100.0 | 100.0 | 100.0 |   N/A | 100.0 | 145.6
               +-------+-------+-------+-------+-------+----------------------

Table legend: (Time is in decaauts)
 A = Elapsed time spent in this place.
 B = Non-inter-level travel time spent in this place.
 C = Inter-level travel time spent in this place.
 D = Time resting spent in this place.
 E = Time spent auto-exploring this place.
 F = Levels seen in this place.
 G = Mean time per level.
                   A        B        C        D        E       F      G
               +--------+--------+--------+--------+--------+-----+--------+
         Total |   6162 |   6095 |     67 |    806 |   4065 |   5 | 1232.4 |
       Dungeon |   6162 |   6095 |     67 |    806 |   4065 |   5 | 1232.4 |
               +--------+--------+--------+--------+--------+-----+--------+

Top non-repeatable levels by time:
     D:4: 1753 daAuts
     D:3: 1369 daAuts
     D:2: 1313 daAuts
     D:1: 1095 daAuts
     D:5: 631 daAuts
